 Dungeon Crawl Stone Soup version 0.28-a0-1412-gf95308ed99 (webtiles) character file.

Game seed: 11010427393277618996

72 lunkers the Chopper (level 4, -2/33 HPs)
             Began as a Demonspawn Wanderer on Jan 6, 2022.
             Was a Follower of Kikubaaqudgha.
             Slain by Natasha (3 damage)
             ... on level 3 of the Dungeon.
             The game lasted 00:03:03 (3073 turns).

lunkers the Chopper (Demonspawn Wanderer)           Turns: 3073, Time: 00:03:04

Health: -2/33      AC:  6    Str: 12    XL:     4   Next: 7%
Magic:  1/5        EV: 10    Int: 15    God:    Kikubaaqudgha [*.....]
Gold:   102        SH:  4    Dex: 13    Spells: 0/4 levels left

rFire   . . .      SeeInvis .   a - +0 war axe
rCold   . . .      Faith    .   c - +0 buckler
rNeg    . . .      Spirit   .   d - +0 robe
rPois   .          Reflect  .   j - +1 hat
rElec   .          Harm     .   (no cloak)
rCorr   .          Rampage  .   (no gloves)
Will    .....                   k - +0 pair of boots
Stlth   +.........              (no amulet)
HPRegen 0.11/turn               (no ring)
MPRegen 0.09/turn               (no ring)

@: very slightly contaminated
A: thin metallic scales 1, spiny 1
a: Renounce Religion, Receive Corpses


You were on level 3 of the Dungeon.
You worshipped Kikubaaqudgha.
Kikubaaqudgha was aware of your devotion.
You visited 1 branch of the dungeon, and saw 3 of its levels.

You collected 102 gold pieces.

Inventory:

Hand Weapons
 a - a +0 war axe (weapon)
Missiles
 g - 58 stones
 i - 36 poisoned darts
Armour
 c - a +0 buckler (worn)
 d - a +0 robe (worn)
 j - a +1 hat (worn)
 k - a +0 pair of boots (worn)
Jewellery
 b - a ring of fire
Scrolls
 e - a scroll of noise {unknown}
 m - a scroll of enchant weapon {unknown}
 n - a scroll of vulnerability {unknown}
 p - a scroll of amnesia {unknown}
Potions
 f - a potion of ambrosia {unknown}
 h - a potion of mutation {unknown}
 l - a potion of invisibility
 o - a potion of haste {unknown}


   Skills:
 + Level 2.3 Fighting
 - Level 5.2 Axes
 - Level 1.0 Armour
 + Level 2.1 Shields
 + Level 0.7 Spellcasting
 * Level 1.6 Necromancy


You couldn't memorise any spells.
You knew the following spells:

 Your Spells              Type           Power      Damage    Failure   Level
b - Pain                  Necr           20%        1d5       17%         1
c - Vampiric Draining     Necr           5%         2d6       45%         3

Your spell library contained the following spells:

 Spells                   Type           Power      Damage    Failure   Level
 Sublimation of Blood     Necr           5%         N/A       26%         2
 Corpse Rot               Necr/Air       6%         N/A       34%         2


Dungeon Overview and Level Annotations

Branches:
Dungeon (3/15)

Altars:
Kikubaaqudgha

Annotations:
D:3 Natasha


Innate Abilities, Weirdness & Mutations

You are partially covered in thin metallic scales. (AC +2)
You are partially covered in sharp spines.


Message History

Found a stone staircase leading down.
Natasha resists with some effort.
Natasha writhes in agony.
You closely miss Natasha.
Natasha is lightly wounded.
Natasha casts a spell at you. The magic dart hits you!
You barely miss Natasha.
Natasha is lightly wounded.
You block Natasha's attack. Natasha barely misses you.
You hit Natasha but do no damage.
Natasha is lightly wounded.
You block Natasha's attack.
You hit Natasha.
Natasha is moderately wounded.
Natasha is struck by your spines. Natasha barely misses you.
You miss Natasha.
Natasha is heavily wounded.
Natasha claws you!
* * * LOW HITPOINT WARNING * * *
Natasha claws you.
* * * LOW HITPOINT WARNING * * *
Casting: Pain (safe; 17% risk of failure)
Confirm with . or Enter, or press ? or * to list all spells.
Aiming: Pain (safe; 17% risk of failure)
Press: ? - help, Shift-Dir - straight line, f/p - Natasha
Aim: Natasha (heavily wounded, chance to affect: 50%)
You miscast Pain.
You are very lightly contaminated with residual magic.
Nothing appears to happen.
Natasha is struck by your spines. Natasha claws you!
* * * LOW HITPOINT WARNING * * *
Unknown command.
Casting: Pain (safe; 17% risk of failure)
Confirm with . or Enter, or press ? or * to list all spells.
Aiming: Pain (safe; 17% risk of failure)
Press: ? - help, Shift-Dir - straight line, f/p - Natasha
Aim: Natasha (almost dead, chance to affect: 50%) Natasha resists with some effort.
Natasha claws you.
You die...
Kikubaaqudgha rasps: "You have failed me!
Welcome... death!"

#### ##########...#
........#....#
.............
...........#
..........#
.>........###
......h@....#
............######
............#....#
............#....#
#..#.............#
####..#.............#
#..............#....#
#..........#..#######
#............##


You could see Natasha.

Vanquished Creatures
  An iguana (D:3)
  2 adders
  A dart slug (D:3)
  2 endoplasms
  2 giant cockroaches
  3 goblins
  3 hobgoblins
  4 quokkas
  4 ball pythons
  5 frilled lizards
  A kobold (D:1)
  A rat (D:1)
29 creatures vanquished.

Notes
Turn   | Place    | Note
-------+----------+-------------------------------------------
     0 | D:1      | lunkers the Demonspawn Wanderer began the quest for the
                  | Orb.
     0 | D:1      | lunkers set off with the following items: a +0 war axe, a
                  | potion of lignification, a +0 buckler, a +0 robe
     0 | D:1      | Reached XP level 1. HP: 16/16 MP: 1/1
   621 | D:1      | Gained mutation: You are partially covered in thin metallic
                  | scales. (AC +2) [demonic ancestry]
   621 | D:1      | Reached XP level 2. HP: 22/22 MP: 2/2
   864 | D:1      | Reached skill level 5 in Axes
   902 | D:1      | Found a faded altar of an unknown god.
  1976 | D:1      | Prayed at the altar of an unknown god.
  1976 | D:1      | Became a worshipper of Kikubaaqudgha
  1976 | D:1      | Reached * piety under Kikubaaqudgha
  1976 | D:1      | Received a gift from Kikubaaqudgha
  1979 | D:1      | Learned a level 1 spell: Pain
  2158 | D:2      | Gained mutation: You are partially covered in sharp spines.
                  | [demonic ancestry]
  2158 | D:2      | Reached XP level 3. HP: 27/27 MP: 1/3
  2600 | D:3      | Reached skill level 1 in Necromancy
  2768 | D:3      | Reached XP level 4. HP: 7/33 MP: 2/5
  2779 | D:3      | Learned a level 3 spell: Vampiric Draining
  3062 | D:3      | Noticed Natasha
  3073 | D:3      | Slain by Natasha

Illustrated notes

Levels and vault maps discovered:
D:1:      onia_arrival_mini_maze, layout_basic, serial_forest,
          infiniplex_forest_lined_1, infiniplex_forest_clump_small,
          infiniplex_forest_split, infiniplex_forest_clump_double,
          hellmonk_ecumenical_altar_pennies_from_heaven,
          chequers_serial_rivers_small_a
D:2:      layout_loops_ring
D:3:      layout_rooms, nemelex_diamond_rough_becter, uniq_natasha

Skill      XL: |  1  2  3 |
---------------+----------+-----
Axes           | 5 |  5.2
Shields        | 2 |  2.1
Necromancy     | 1 |  1.6
Fighting       | |  2.3
Armour         | |  1.0
Spellcasting   | |  0.7

Action                   |  1- 3 |  4- 6 || total
-------------------------+-------+-------++-------
Melee: War axe           |    71 |     5 ||    76
Throw: Stone             |    11 |       ||    11
 Cast: Pain              |    10 |     7 ||    17
  Use: Potion            |     2 |       ||     2
 Stab: Sleeping          |     1 |       ||     1
Armor: Robe              |    18 |       ||    18
       Skin              |     9 |       ||     9
Dodge: Dodged            |    36 |     2 ||    38
Block: Buckler           |     9 |     2 ||    11

Table legend: (Time is in decaauts)
 A = Elapsed time spent in this place.
 B = Non-inter-level travel time spent in this place.
 C = Inter-level travel time spent in this place.
 D = Time resting spent in this place.
 E = Time spent auto-exploring this place.
 F = Levels seen in this place.
 G = Mean time per level.
                   A        B        C        D        E       F      G
               +--------+--------+--------+--------+--------+-----+--------+
         Total |   3101 |   2631 |    470 |     24 |   2289 |   3 | 1033.7 |
       Dungeon |   3101 |   2631 |    470 |     24 |   2289 |   3 | 1033.7 |
               +--------+--------+--------+--------+--------+-----+--------+

Top non-repeatable levels by time:
     D:1: 1564 daAuts
     D:2: 938 daAuts
     D:3: 597 daAuts
